AoeStats
← Cebel-i Kebir

Black Forest

509860706Analyzed
3v3 RM · 2d ago on Sep 28, 2026· 71m 26s· 6 players
Game mode
Random Map
Map size
Normal (6 player)
Population
200
Speed
Normal
Resources
Standard
Victory
Conquest
Starting age
Dark Age
Ending age
Imperial Age
RankedLock teamsTeams togetherTeam positionsShared explorationLock speedFull tech treeHidden civsTurbo modeCheats
Victory
Defeat
🇪🇪 Slavs · Estonia
691
+10
🇩🇪 Magyars · Germany
649
+11
🇷🇸 Huns · Serbia
645
+11
🇸🇬 Koreans · Singapore
568
-12
🇦🇺 Persians · Australia
534
-10
🇨🇳 Teutons · China
515
-10
eddyykf
0:33 Loom
17:29 Feudal Age
18:10 Town Watch
19:00 Wheelbarrow
18:46 Arson
20:10 Man-at-Arms
23:33 Horse Collar
24:24 Double-Bit Axe
26:13 Gold Mining
37:24 Castle Age
38:53 Husbandry
44:26 Stone Mining
45:12 Gold Shaft Mining
45:48 Forging
45:38 Scale Mail Armor
45:44 Scale Barding Armor
49:11 Bow Saw
51:11 Stone Shaft Mining
55:23 Town Patrol
58:39 Heavy Plow
63:05 Hand Cart
ReflectionX4757
0:37 Loom
12:14 Feudal Age
14:28 Horse Collar
14:40 Double-Bit Axe
27:33 Castle Age
27:40 Castle Age
26:46 Padded Archer Armor
26:37 Fletching
26:53 Scale Barding Armor
26:48 Scale Mail Armor
26:59 Forging
28:44 Heavy Plow
28:57 Bow Saw
29:43 Gambesons
29:58 Squires
29:19 Pikeman
29:46 Arson
30:10 Thumb Ring
29:26 Crossbowman
31:15 Kamandaran
33:19 Stone Mining
33:20 Gold Mining
34:51 Wheelbarrow
34:33 Masonry
34:13 Heated Shot
34:44 Ballistics
39:56 Guard Tower
40:02 Murder Holes
42:45 Imperial Age
41:10 Stone Shaft Mining
41:11 Gold Shaft Mining
41:36 Hand Cart
41:57 Leather Archer Armor
41:38 Bodkin Arrow
44:30 Hoardings
44:06 Citadels
43:28 Sappers
44:19 Conscription
45:16 Two-Man Saw
44:50 Crop Rotation
44:11 Halberdier
48:59 Elite War Elephant
54:54 Ring Archer Armor
67:09 Onager
1532068552
14:07 Feudal Age
15:13 Horse Collar
15:21 Double-Bit Axe
19:32 Stone Mining
19:33 Gold Mining
21:47 Castle Age
22:21 Wheelbarrow
25:41 Hand Cart
25:29 Heavy Plow
25:45 Bow Saw
31:16 Stone Shaft Mining
30:43 Fletching
32:24 Ironclad
34:22 Bloodlines
38:47 Forging
38:33 Bodkin Arrow
38:45 Scale Barding Armor
38:40 Scale Mail Armor
38:41 Padded Archer Armor
41:32 Imperial Age
38:48 Loom
38:49 Town Watch
44:02 Iron Casting
43:48 Chain Barding Armor
43:43 Chain Mail Armor
43:44 Leather Archer Armor
45:42 Chemistry
44:53 Fortified Wall
44:53 Masonry
45:05 Ballistics
44:30 Arrowslits
46:40 Conscription
46:09 Elite Teutonic Knight
46:37 Heavy Scorpion
49:47 Bombard Tower
49:33 Siege Engineers
50:50 Crenellations
51:21 Caravan
52:50 Two-Man Saw
53:17 Cavalier
Cebel-i Kebir
11:05 Feudal Age
11:48 Double-Bit Axe
14:37 Gold Mining
18:55 Horse Collar
24:14 Castle Age
22:21 Stone Mining
25:04 Heavy Plow
25:17 Bow Saw
25:46 Gold Shaft Mining
36:12 Imperial Age
35:08 Loom
35:58 Wheelbarrow
35:09 Town Watch
36:13 Thumb Ring
37:35 Husbandry
37:45 Bloodlines
36:56 Cavalier
38:00 Town Patrol
39:01 Parthian Tactics
39:44 Scale Barding Armor
39:40 Scale Mail Armor
39:40 Padded Archer Armor
39:30 Fletching
40:43 Chemistry
40:04 Ballistics
39:25 Treadmill Crane
39:55 Masonry
39:41 Murder Holes
39:51 Siege Engineers
39:59 Corvinian Army
40:49 Crop Rotation
41:43 Two-Man Saw
41:37 Hand Cart
41:30 Recurve Bow
41:52 Conscription
42:20 Caravan
42:50 Coinage
42:32 Paladin
44:32 Banking
44:42 Sappers
45:49 Elite Magyar Huszar
47:04 Hoardings
46:01 Heavy Cavalry Archer
48:17 Chain Barding Armor
48:12 Chain Mail Armor
48:12 Leather Archer Armor
47:53 Bodkin Arrow
47:30 Pikeman
47:55 Arson
48:25 Halberdier
51:55 Elite Skirmisher
55:31 Plate Barding Armor
55:27 Ring Archer Armor
54:57 Bracer
70:47 Spies/Treason
Hercule Poirot II
0:36 Loom
12:13 Feudal Age
12:43 Town Watch
14:52 Double-Bit Axe
16:47 Fishing Lines
19:13 Stone Mining
25:46 Castle Age
25:39 Fletching
25:47 Gold Mining
25:39 Horse Collar
26:55 Bow Saw
29:46 Gold Shaft Mining
29:08 Bodkin Arrow
29:19 Caravan
29:36 Heavy Plow
32:02 Wheelbarrow
31:51 Squires
32:17 Crossbowman
34:16 Detinets
34:30 Bloodlines
34:21 Husbandry
34:59 Hand Cart
36:26 Sanctity
37:42 Gillnets
38:03 Scale Barding Armor
38:08 Forging
37:59 Scale Mail Armor
38:00 Padded Archer Armor
38:19 Town Patrol
38:54 Pikeman
44:40 Imperial Age
43:01 Iron Casting
42:47 Chain Barding Armor
42:43 Chain Mail Armor
42:43 Leather Archer Armor
42:14 Elite Skirmisher
42:59 Light Cavalry
44:21 Masonry
44:22 Fortified Wall
44:08 Murder Holes
46:20 Conscription
45:57 Cavalier
48:01 Chemistry
47:44 Ballistics
48:00 Halberdier
48:07 Hussar
49:36 Hoardings
51:24 Two-Man Saw
51:46 Blast Furnace
51:16 Plate Mail Armor
51:21 Plate Barding Armor
53:38 Siege Engineers
52:56 Onager
52:56 Heavy Scorpion
54:44 Druzhina
56:03 Capped Ram
58:37 Guard Tower
59:27 Plate Barding Armor
59:22 Ring Archer Armor
60:19 Crop Rotation
61:12 Elite Boyar
62:48 Siege Ram
72:14 Coinage
Душан Силни
0:37 Loom
15:44 Feudal Age
16:16 Double-Bit Axe
16:15 Horse Collar
20:42 Gold Mining
20:43 Stone Mining
26:34 Castle Age
28:02 Forging
27:58 Scale Barding Armor
27:53 Scale Mail Armor
27:54 Padded Archer Armor
28:24 Bow Saw
28:19 Heavy Plow
28:52 Caravan
29:29 Coinage
31:35 Wheelbarrow
30:45 Town Watch
32:42 Gold Shaft Mining
33:13 Murder Holes
36:42 Imperial Age
35:53 Hand Cart
35:39 Town Patrol
37:55 Chain Barding Armor
38:11 Iron Casting
39:16 Two-Man Saw
38:41 Conscription
37:44 Cavalier
38:27 Husbandry
38:38 Bloodlines
37:49 Light Cavalry
39:23 Plate Barding Armor
39:06 Masonry
39:57 Chemistry
40:53 Blast Furnace
40:09 Chain Mail Armor
40:10 Leather Archer Armor
40:08 Guilds
40:29 Banking
41:00 Paladin
48:12 Sappers
49:56 Marauders
Connection lost

Rejoining the realm…

Still unreachable

The connection could not be restored.

Session expired

The server has moved on; the page needs a fresh start.